[ PARTIDA AOE2 · #495875705 ]
UnrankedPolacos vs Vikings
Equipo del jugador · VICT
Equipo rival · DERR
[ ANÁLISIS DE REPETICIÓN · EXTRAÍDO DE LA PARTIDA GRABADA ]
Feudal
10:37
Castillos
18:21
Imperial
38:27
| APM promedio | 37.0 |
| APM pico | 92 |
| eAPM promedio | 16.5 |
| Aldeanos / militares | 134 / 259 |
Foco
⚔️ 32.9% · 🌾 67.1%
Knight ×219 · Scout Cavalry ×35 · Trebuchet (Packed) ×5
Feudal
10:01
Castillos
18:23
Imperial
29:03
| APM promedio | 46.0 |
| APM pico | 120 |
| eAPM promedio | 23.8 |
| Aldeanos / militares | 227 / 109 |
Foco
⚔️ 31.3% · 🌾 68.7%
Spearman ×48 · Berserk ×22 · Monk ×18 · Trebuchet (Packed) ×11 · Battering Ram ×10 · Fishing Ship ×3
Mapa de la partida
Recursos iniciales + cada clic de construcción. Líneas = muros · curvas = relieve. ◆ oro · ⬟ piedra · ● bayas · ✦ reliquia · ◌ hueco del cierre
Tu base· ✓ Cerrada en 18:21 · 31t muro · sin puerta
Base de gua· ✓ Cerrada en 18:23 · 4t muro · 2 puerta(s)
Terreno inicial suavizado · ◌ = hueco del cierre detectado · pasá el cursor para detalles
Inputs por minuto
— tseungsiupang - - gua
Build order — tseungsiupang
Primeras 150 de 335 acciones detectadas
| 0:01 | Encolar | Villager (Male) |
| 0:01 | Encolar | Villager (Male) |
| 0:01 | Encolar | Villager (Male) |
| 0:03 | Construir | House |
| 0:04 | Construir | House |
| 0:42 | Encolar | Villager (Male) |
| 0:42 | Encolar | Villager (Male) |
| 1:27 | Encolar | Villager (Male) |
| 1:28 | Encolar | Villager (Male) |
| 1:58 | Encolar | Villager (Male) |
| 2:26 | Encolar | Villager (Male) |
| 2:26 | Encolar | Villager (Male) |
| 2:52 | Construir | Lumber Camp |
| 2:53 | Encolar | Villager (Male) |
| 3:20 | Encolar | Villager (Male) |
| 3:20 | Encolar | Villager (Male) |
| 3:20 | Encolar | Villager (Male) |
| 3:35 | Construir | House |
| 3:50 | Encolar | Villager (Male) |
| 3:50 | Encolar | Villager (Male) |
| 4:23 | Construir | Palisade Wall |
| 4:32 | Encolar | Villager (Male) |
| 4:32 | Encolar | Villager (Male) |
| 4:33 | Encolar | Villager (Male) |
| 4:55 | Construir | Palisade Wall |
| 5:17 | Construir | Mill |
| 5:32 | Encolar | Villager (Male) |
| 5:32 | Encolar | Villager (Male) |
| 5:33 | Encolar | Villager (Male) |
| 5:33 | Encolar | Villager (Male) |
| 6:17 | Encolar | Villager (Male) |
| 6:57 | Encolar | Villager (Male) |
| 6:58 | Encolar | Villager (Male) |
| 7:16 | Construir | House |
| 7:43 | Investigar | Loom |
| 7:51 | Construir | Palisade Wall |
| 8:16 | Investigar | Feudal Age |
| 8:38 | Construir | Palisade Wall |
| 8:40 | Construir | Palisade Wall |
| 9:58 | Construir | Barracks |
| 10:34 | Encolar | Villager (Male) |
| 10:34 | Encolar | Villager (Male) |
| 10:34 | Encolar | Villager (Male) |
| 10:35 | Encolar | Villager (Male) |
| 10:37 | Edad | Edad Feudal |
| 10:48 | Investigar | Double-Bit Axe |
| 10:50 | Investigar | Horse Collar |
| 11:15 | Construir | Farm |
| 11:16 | Construir | Farm |
| 11:26 | Construir | Archery Range |
| 11:56 | Encolar | Villager (Male) |
| 11:56 | Encolar | Villager (Male) |
| 11:57 | Encolar | Villager (Male) |
| 11:57 | Encolar | Villager (Male) |
| 11:59 | Construir | Farm |
| 12:03 | Construir | Farm |
| 12:39 | Construir | Palisade Wall |
| 12:54 | Construir | House |
| 13:05 | Construir | Mining Camp |
| 13:07 | Encolar | Villager (Male) |
| 13:08 | Encolar | Villager (Male) |
| 13:58 | Construir | Mill |
| 14:10 | Construir | House |
| 14:11 | Construir | Palisade Wall |
| 14:13 | Construir | House |
| 14:25 | Construir | Farm |
| 14:25 | Construir | Farm |
| 14:25 | Construir | Farm |
| 14:25 | Construir | Farm |
| 14:26 | Construir | Farm |
| 14:26 | Construir | Farm |
| 14:35 | Construir | Farm |
| 14:47 | Construir | Blacksmith |
| 14:51 | Encolar | Villager (Male) |
| 14:51 | Encolar | Villager (Male) |
| 14:52 | Encolar | Villager (Male) |
| 14:57 | Construir | Mining Camp |
| 15:39 | Investigar | Castle Age |
| 16:06 | Construir | Farm |
| 16:12 | Investigar | Gold Mining |
| 16:12 | Investigar | Stone Mining |
| 16:17 | Investigar | Stone Mining |
| 17:53 | Encolar | Villager (Male) |
| 17:54 | Encolar | Villager (Male) |
| 17:54 | Encolar | Villager (Male) |
| 17:54 | Encolar | Villager (Male) |
| 18:21 | Edad | Edad de los Castillos |
| 18:22 | Investigar | Heavy Plow |
| 18:25 | Investigar | Bow Saw |
| 18:46 | Construir | House |
| 18:53 | Construir | House |
| 18:56 | Construir | House |
| 18:58 | Construir | House |
| 19:11 | Construir | Lumber Camp |
| 19:16 | Construir | Palisade Wall |
| 19:19 | Construir | House |
| 19:31 | Construir | House |
| 19:48 | Construir | Castle |
| 20:03 | Construir | Stable |
| 20:06 | Encolar | Villager (Male) |
| 20:06 | Encolar | Villager (Male) |
| 20:07 | Encolar | Villager (Male) |
| 20:07 | Encolar | Villager (Male) |
| 20:07 | Encolar | Villager (Male) |
| 20:20 | Construir | Mill |
| 20:39 | Encolar | Villager (Male) |
| 20:40 | Encolar | Villager (Male) |
| 20:40 | Encolar | Villager (Male) |
| 20:59 | Construir | Stable |
| 21:01 | Construir | Palisade Wall |
| 21:02 | Construir | Palisade Wall |
| 21:09 | Construir | Farm |
| 21:09 | Construir | Farm |
| 21:09 | Construir | Farm |
| 21:10 | Construir | Farm |
| 21:17 | Investigar | Szlachta Privileges |
| 21:58 | Construir | Stable |
| 22:11 | Construir | Farm |
| 22:14 | Encolar | Knight ×5 |
| 23:03 | Construir | Stable |
| 23:08 | Encolar | Knight ×5 |
| 23:09 | Encolar | Knight ×3 |
| 23:09 | Encolar | Knight ×3 |
| 23:13 | Construir | Farm |
| 23:20 | Construir | Farm |
| 23:22 | Investigar | Forging |
| 23:42 | Construir | Farm |
| 24:13 | Construir | Mill |
| 24:14 | Construir | Farm |
| 24:14 | Construir | Farm |
| 24:15 | Construir | Farm |
| 24:15 | Construir | Farm |
| 24:15 | Construir | Farm |
| 24:16 | Construir | Farm |
| 24:21 | Investigar | Bloodlines |
| 24:21 | Encolar | Knight ×5 |
| 24:22 | Encolar | Knight ×5 |
| 24:22 | Encolar | Knight ×2 |
| 24:26 | Encolar | Villager (Male) |
| 24:26 | Encolar | Villager (Male) |
| 24:33 | Encolar | Villager (Male) |
| 24:33 | Encolar | Villager (Male) |
| 24:48 | Investigar | Scale Barding Armor |
| 25:14 | Encolar | Knight ×3 |
| 25:14 | Encolar | Knight ×3 |
| 25:23 | Construir | Farm |
| 25:25 | Construir | Farm |
| 25:33 | Encolar | Knight ×3 |
| 25:33 | Encolar | Knight ×3 |
| 25:58 | Construir | Town Center |
Build order — gua
Primeras 150 de 499 acciones detectadas
| 0:02 | Encolar | Villager (Male) |
| 0:02 | Encolar | Villager (Male) |
| 0:04 | Construir | House |
| 0:05 | Construir | House |
| 0:28 | Encolar | Villager (Male) |
| 0:43 | Encolar | Villager (Male) |
| 1:34 | Encolar | Villager (Male) |
| 2:04 | Encolar | Villager (Male) |
| 2:22 | Construir | Lumber Camp |
| 2:23 | Encolar | Villager (Male) |
| 3:02 | Encolar | Villager (Male) |
| 3:15 | Encolar | Villager (Male) |
| 3:49 | Encolar | Villager (Male) |
| 3:50 | Encolar | Villager (Male) |
| 3:54 | Encolar | Villager (Male) |
| 4:49 | Encolar | Villager (Male) |
| 4:49 | Encolar | Villager (Male) |
| 4:55 | Investigar | Loom |
| 5:07 | Construir | House |
| 5:11 | Construir | House |
| 5:16 | Encolar | Villager (Male) |
| 5:26 | Encolar | Villager (Male) |
| 6:02 | Encolar | Villager (Male) |
| 6:33 | Construir | Mill |
| 6:44 | Encolar | Villager (Male) |
| 7:02 | Encolar | Villager (Male) |
| 7:46 | Construir | Barracks |
| 7:51 | Investigar | Feudal Age |
| 8:11 | Encolar | Villager (Male) |
| 8:32 | Construir | House |
| 9:22 | Construir | Mining Camp |
| 9:25 | Encolar | Villager (Male) |
| 10:01 | Edad | Edad Feudal |
| 10:52 | Construir | Stable |
| 11:05 | Encolar | Villager (Male) |
| 11:09 | Construir | Lumber Camp |
| 11:23 | Construir | Palisade Wall |
| 11:29 | Construir | Palisade Gate |
| 11:30 | Encolar | Villager (Male) |
| 11:55 | Investigar | Double-Bit Axe |
| 11:56 | Encolar | Villager (Male) |
| 12:08 | Construir | House |
| 12:10 | Encolar | Villager (Male) |
| 12:24 | Encolar | Villager (Male) |
| 12:30 | Construir | Farm |
| 12:32 | Encolar | Villager (Male) |
| 12:55 | Encolar | Villager (Male) |
| 13:00 | Construir | Farm |
| 13:01 | Construir | Farm |
| 13:04 | Construir | Farm |
| 13:06 | Encolar | Villager (Male) |
| 13:18 | Construir | Blacksmith |
| 13:20 | Construir | House |
| 13:28 | Construir | Farm |
| 13:32 | Encolar | Villager (Male) |
| 13:48 | Encolar | Villager (Male) |
| 13:55 | Construir | Farm |
| 13:56 | Construir | Farm |
| 13:57 | Construir | Farm |
| 14:02 | Encolar | Villager (Male) |
| 14:05 | Construir | Palisade Wall |
| 14:08 | Construir | Palisade Wall |
| 14:20 | Construir | Farm |
| 14:27 | Construir | House |
| 14:32 | Construir | Farm |
| 14:45 | Construir | House |
| 15:04 | Construir | Farm |
| 15:14 | Construir | Farm |
| 15:29 | Construir | Palisade Gate |
| 15:36 | Investigar | Gold Mining |
| 15:43 | Investigar | Castle Age |
| 15:43 | Investigar | Castle Age |
| 16:21 | Investigar | Stone Mining |
| 16:26 | Investigar | Horse Collar |
| 17:32 | Encolar | Villager (Male) |
| 18:08 | Construir | Palisade Wall |
| 18:23 | Edad | Edad de los Castillos |
| 18:28 | Construir | Town Center |
| 18:33 | Encolar | Villager (Male) |
| 18:44 | Construir | Town Center |
| 18:46 | Encolar | Villager (Male) |
| 18:52 | Encolar | Villager (Male) |
| 18:58 | Investigar | Bow Saw |
| 19:00 | Investigar | Heavy Plow |
| 19:04 | Encolar | Villager (Male) |
| 19:15 | Encolar | Villager (Male) |
| 19:28 | Encolar | Villager (Male) |
| 19:39 | Encolar | Villager (Male) |
| 19:42 | Construir | Monastery |
| 19:45 | Encolar | Villager (Male) |
| 19:47 | Encolar | Villager (Male) |
| 19:50 | Encolar | Villager (Male) |
| 19:59 | Encolar | Villager (Male) |
| 20:11 | Encolar | Villager (Male) |
| 20:13 | Encolar | Villager (Male) |
| 20:16 | Encolar | Villager (Male) |
| 20:23 | Construir | Farm |
| 20:25 | Encolar | Monk |
| 20:27 | Encolar | Villager (Male) |
| 20:29 | Encolar | Villager (Male) |
| 20:45 | Construir | University |
| 20:46 | Construir | House |
| 20:48 | Encolar | Villager (Male) |
| 20:51 | Encolar | Villager (Male) |
| 20:54 | Encolar | Villager (Male) |
| 21:00 | Construir | Farm |
| 21:04 | Construir | Farm |
| 21:05 | Construir | Farm |
| 21:06 | Construir | Farm |
| 21:12 | Construir | Farm |
| 21:14 | Construir | Farm |
| 21:23 | Encolar | Monk |
| 21:26 | Encolar | Villager (Male) |
| 21:27 | Encolar | Villager (Male) |
| 21:32 | Construir | Farm |
| 21:33 | Construir | Farm |
| 21:34 | Construir | Farm |
| 21:36 | Construir | Farm |
| 21:48 | Encolar | Villager (Male) |
| 21:54 | Construir | Farm |
| 22:02 | Construir | Farm |
| 22:04 | Encolar | Villager (Male) |
| 22:10 | Construir | Farm |
| 22:12 | Construir | Farm |
| 22:13 | Encolar | Villager (Male) |
| 22:14 | Encolar | Villager (Male) |
| 22:20 | Construir | House |
| 22:22 | Construir | House |
| 22:23 | Encolar | Villager (Male) |
| 22:25 | Construir | Farm |
| 22:26 | Encolar | Villager (Male) |
| 22:27 | Encolar | Villager (Male) |
| 22:33 | Encolar | Villager (Male) |
| 22:36 | Encolar | Villager (Male) |
| 22:41 | Construir | House |
| 22:42 | Construir | House |
| 22:43 | Construir | House |
| 22:44 | Encolar | Villager (Male) |
| 22:54 | Construir | Farm |
| 22:55 | Construir | Farm |
| 22:56 | Construir | Farm |
| 22:57 | Construir | Farm |
| 22:58 | Construir | Farm |
| 22:59 | Encolar | Villager (Male) |
| 23:01 | Construir | Farm |
| 23:03 | Encolar | Villager (Male) |
| 23:09 | Encolar | Villager (Male) |
| 23:11 | Construir | Lumber Camp |
| 23:13 | Encolar | Villager (Male) |
| 23:16 | Construir | Farm |
Cronología de la partida
| 4:23 | tseungsiupang · wall_segment Palisade Wall x4 |
| 4:55 | tseungsiupang · wall_segment Palisade Wall x5 |
| 7:46 | gua · first_building Barracks |
| 7:51 | tseungsiupang · wall_segment Palisade Wall x7 |
| 8:38 | tseungsiupang · wall_segment Palisade Wall x5 |
| 8:40 | tseungsiupang · wall_segment Palisade Wall x8 |
| 9:58 | tseungsiupang · first_building Barracks |
| 10:01 | gua · age_up feudal |
| 10:37 | tseungsiupang · age_up feudal |
| 10:52 | gua · first_building Stable |
| 11:23 | gua · wall_segment Palisade Wall x1 |
| 11:26 | tseungsiupang · first_building Archery Range |
| 12:39 | tseungsiupang · wall_segment Palisade Wall x1 |
| 14:05 | gua · wall_segment Palisade Wall x1 |
| 14:08 | gua · wall_segment Palisade Wall x1 |
| 14:11 | tseungsiupang · wall_segment Palisade Wall x1 |
| 18:08 | gua · wall_segment Palisade Wall x1 |
| 18:21 | tseungsiupang · age_up castle |
| 18:23 | gua · age_up castle |
| 19:16 | tseungsiupang · wall_segment Palisade Wall x1 |
| 19:42 | gua · first_building Monastery |
| 19:48 | tseungsiupang · first_building Castle |
| 20:03 | tseungsiupang · first_building Stable |
| 21:01 | tseungsiupang · wall_segment Palisade Wall x1 |
| 21:02 | tseungsiupang · wall_segment Palisade Wall x1 |
| 25:20 | gua · first_building Castle |
| 26:25 | gua · first_building Siege Workshop |
| 29:03 | gua · age_up imperial |
| 38:27 | tseungsiupang · age_up imperial |
| 44:04 | gua · first_building Dock |
| 48:25 | gua · resign |
[ ANÁLISIS IA · 1 CRÉDITO ]
¿Qué pasó realmente en esta partida?
Wolo.gg analiza cada decisión: build order, eco, micro, errores típicos por bracket. Análisis personalizado por WhatsApp o Discord en 30 segundos.
Guía civ
Polacos
Perfil
Jugador #2861202